 Dungeon Crawl Stone Soup version 0.31-a0-198-g2ad674f65e (webtiles) character file.

Game seed: 189422889593762012

5 qw the Shooter (level 1, -2/12 HPs)
             Began as a Deep Elf Hunter on June 25, 2023.
             Killed from afar by Natasha (8 damage)
             ... with a puff of flame
             ... on level 2 of the Dungeon.
             The game lasted 00:00:04 (157 turns).

qw the Shooter (Deep Elf Hunter)                     Turns: 157, Time: 00:00:05

Health: -2/12      AC:  3    Str:  8    XL:     1   Next: 66%
Magic:  3/3        EV: 12    Int: 13    God:
Gold:   10         SH:  0    Dex: 18    Spells: 0/0 levels left

rFire   . . .        a - +0 shortbow
rCold   . . .        (shield currently unavailable)
rNeg    . . .        c - +0 leather armour
rPois   .            (no helmet)
rElec   .            (no cloak)
rCorr   .            (no gloves)
SInv    .            (no boots)
Will    .....        (no amulet)
Stlth   ++           (no ring)
HPRegen 0.22/turn    (no ring)
MPRegen 0.08/turn

%: no passive effects
@: no status effects
A: no striking features
a: no special abilities


You were on level 2 of the Dungeon.
You visited 1 branch of the dungeon, and saw 2 of its levels.

You collected 10 gold pieces.


   Skills:
 - Level 1.5 Fighting
 + Level 5.7 Ranged Weapons
 - Level 2.4 Dodging
 - Level 1.2 Stealth


You couldn't memorise any spells.
You didn't know any spells.
Your spell library was empty.

Inventory:

Hand Weapons
 a - a +0 shortbow (weapon)
Armour
 c - a +0 leather armour (worn)
 e - a +0 helmet
 g - a +2 scale mail of poison resistance
Scrolls
 b - a scroll of butterflies
 d - a scroll of blinking {unknown}
Potions
 f - a potion of curing {unknown}

Dungeon Overview and Level Annotations

Branches:
Dungeon (2/15)

Altars:

Annotations:
D:2 Natasha


Message History

127 ||| STILL FLEEEEING.
128 ||| FLEEEEING.
A hobgoblin comes into view.
Enter note: You shoot an arrow.
The arrow closely misses the rat.
The hobgoblin shouts!
The rat closely misses you.
You shoot an arrow. The arrow hits the rat.
The rat is heavily wounded.
The rat barely misses you.
You shoot an arrow. The arrow hits the rat.
You kill the rat!
The hobgoblin barely misses you.
You shoot an arrow.
The arrow hits the hobgoblin but does no damage.
The hobgoblin closely misses you.
You shoot an arrow. The arrow barely misses the hobgoblin.
The hobgoblin barely misses you.
You shoot an arrow. The arrow hits the hobgoblin!
You kill the hobgoblin!
A dart slug comes into view.
A sourceless malevolence fills the Dungeon...
You fall into a shaft and drop 1 floor!
The shaft crumbles and collapses.
Found a leather armour, a sling, a plate armour and a runed scale mail.
Found a stone staircase leading down.
Waypoint 1 assigned to D:2.
Found 5 poisoned darts.
You see here a +0 sling.
g - a +2 scale mail of poison resistance Natasha, Servant of Life and Death comes into view.
She is carrying a wand of flame (14).
You shoot an arrow. The arrow hits Natasha.
Natasha is moderately wounded.
You shoot an arrow. The arrow barely misses Natasha.
Natasha zaps a wand.
The puff of flame hits you.
Ouch! That really hurt!
You shoot an arrow. The arrow hits Natasha!
Natasha is severely wounded.
Natasha zaps a wand.
The puff of flame hits you!
Ouch! That really hurt!
You die...

#..........[.....
#.....#..........
#.....)..........
###.............#
#.##..........#
#........#####
###......#
#......# #....@.#
#....(...#
#.#......#
#.##.....#
#.....# #.....#
#...h.# ......#


You could see Natasha.

Vanquished Creatures
  A bat (D:1)
  2 hobgoblins (D:1)
  A kobold (D:1)
  A rat (D:1)
5 creatures vanquished.

Notes
Turn   | Place    | Note
-------+----------+-------------------------------------------
     0 | D:1      | qw the Deep Elf Hunter began the quest for the Orb.
     0 | D:1      | Reached XP level 1. HP: 12/12 MP: 3/3
     0 | D:1      | 0 ||| qw: Version: 0.3-a-22-g0ed2b0b
     0 | D:1      | 0 ||| qw: Game counter: 5013
     0 | D:1      | 0 ||| qw: Melee chars always use a shield: true
     0 | D:1      | 0 ||| qw: God list: Okawaru
     0 | D:1      | 0 ||| qw: Allow faded altars: false
     0 | D:1      | 0 ||| qw: Do Orc after clearing Dungeon:15 true
     0 | D:1      | 0 ||| qw: Do second Lair branch before Depths: true
     0 | D:1      | 0 ||| qw: Lair rune preference: random
     0 | D:1      | 0 ||| qw: Goals: Normal
     0 | D:1      | 0 ||| PLANNING D:1-11
   125 | D:1      | 125 ||| FLEEEEING.
   128 | D:1      | 128 ||| FLEEEEING.
   145 | D:1      | You fall into a shaft and drop 1 floor!
   154 | D:2      | Noticed Natasha
   157 | D:2      | Killed from afar by Natasha

Levels and vault maps discovered:
D:1:      matt_arrival_refuge, layout_rooms, nicolae_titane
D:2:      cheibrodos_fertilizer, layout_rooms, uniq_natasha,
          uniq_crazy_yiuf_cottage, uniq_sigmund

Action                     || total
---------------------------++-------
   Fire: Shortbow          ||    18
  Dodge: Dodged            ||     7

Table legend:
 A = Non-vault XP
 B = Vault XP
 C = Vault XP percentage of total XP
 D = Non-vault monster count
 E = Vault monster count
 F = Vault count percentage of total count
                 A         B        C        D         E       F
            +---------+---------+-------+---------+---------+-------
      Total |       8 |       0 |   0.0 |       5 |       0 |   0.0
            +---------+---------+-------+---------+---------+-------
        D:1 |       8 |       0 |   0.0 |       5 |       0 |   0.0
            +---------+---------+-------+---------+---------+-------
